 Dungeon Crawl Stone Soup version 0.27.1-34-g3ba077fa99 (webtiles) character file.

Game seed: 14589433076805544658

3134 Cykl0x the Slasher (level 9, -1/54 HPs)
             Began as a Gargoyle Gladiator on Jan 19, 2022.
             Was the Champion of Zin.
             Slain by a two-headed ogre (13 damage)
             ... on level 8 of the Dungeon.
             The game lasted 00:21:12 (7234 turns).

Cykl0x the Slasher (Gargoyle Gladiator)             Turns: 7234, Time: 00:21:12

Health: -1/54      AC: 14    Str: 20    XL:     9   Next: 92%
Magic:  15/15      EV: 21    Int: 10    God:    Zin [******]
Gold:   1004       SH:  4    Dex: 11    Spells: 10/16 levels left

rFire    . . .     SeeInvis .   a - +0 long sword
rCold    . . .     Faith    .   l - +0 buckler
rNeg     + . .     Spirit   .   A - +0 steam dragon scales
rPois    ∞         Reflect  .   c - +1 helmet
rElec    +         Harm     .   (no cloak)
rCorr    .         Rampage  .   (no gloves)
Will     .....                  (no boots)
Stlth    +.........             q - amulet of regeneration
HPRegen  1.18/turn              h - +4 ring of evasion
MPRegen  0.14/turn              w - +4 ring of evasion

@: no status effects
A: sickness immunity, AC +6, negative energy resistance 1, electricity
resistance, torment resistance 1, petrification resistance
a: Renounce Religion, Recite, Vitalisation, Imprison, Sanctuary, Donate Gold


You were on level 8 of the Dungeon.
You worshipped Zin.
Zin was exalted by your worship.
You visited 2 branches of the dungeon, and saw 9 of its levels.
You also visited: Sewer and Bailey.

You collected 1115 gold pieces.
You donated 111 gold pieces to Zin.

Inventory:

Hand Weapons
 a - a +0 long sword (weapon)
 g - the +9 dagger of Fortitude {vorpal, +Rage Stlth+}
   (You took it off an orc on level 8 of the Dungeon)

   It inflicts extra damage upon your enemies.
   +Rage:     It lets you go berserk.
   Stlth:     It makes you more stealthy.
Missiles
 d - 7 throwing nets
 f - 2 javelins
 j - 46 poisoned darts
Armour
 b - a +0 leather armour
 c - a +1 helmet (worn)
 l - a +0 buckler (worn)
 m - a +0 ring mail
 A - +0 steam dragon scales (worn)
Jewellery
 h - a +4 ring of evasion (left hand)
 i - a ring of magical power
 q - an amulet of regeneration (around neck)
 v - a ring of protection from cold
 w - a +4 ring of evasion (right hand)
 z - a ring of see invisible
 B - a ring of fire
Wands
 n - a wand of paralysis (6)
 u - a wand of charming (2)
Scrolls
 o - 3 scrolls of blinking
 x - a scroll of teleportation
 y - 2 scrolls of magic mapping
 C - a scroll of enchant armour
 D - a scroll of amnesia
Potions
 e - a potion of lignification
 k - a potion of magic
 p - a potion of haste {unknown}
 r - 3 potions of mutation {unknown}
 s - 3 potions of flight
 t - a potion of heal wounds
 E - 2 potions of curing {unknown}
 F - a potion of brilliance {unknown}


   Skills:
 + Level 5.0 Fighting
 + Level 6.6 Long Blades
 + Level 1.8 Throwing
 + Level 3.9 Armour
 + Level 4.7 Dodging
 + Level 3.0 Shields
 + Level 4.1 Spellcasting
 + Level 2.8 Conjurations
 + Level 5.1 Earth Magic
 * Level 4.8 Invocations
 + Level 0.4 Evocations


You had 10 spell levels left.
You knew the following spells:

 Your Spells              Type           Power      Damage    Failure   Level
a - Sandblast             Erth           24%        2d8       3%          1
b - Lee's Rapid Deconstr  Erth           6%         3d7*      67%         5

Your spell library contained the following spells:

 Spells                   Type           Power      Damage    Failure   Level
 Passwall                 Tmut/Erth      5%         N/A       14%         2
 Blink                    Tloc           N/A        N/A       38%         2
 Conjure Flame            Conj/Fire      4%         6-21      43%         3
 Gell's Gravitas          Tloc           1%         N/A       63%         3
 Ignite Poison            Fire/Tmut/Pois 2%         N/A       63%         3
 Lesser Beckoning         Tloc           1%         N/A       63%         3
 Teleport Other           Tloc           2%         N/A       63%         3
 Sticky Flame             Conj/Fire      4%         2d3       83%         4
 Manifold Assault         Tloc           2%         N/A       100%        5
 Dispersal                Tloc           1%         N/A       100%        6


Dungeon Overview and Level Annotations

Branches:
Dungeon (8/15)             Temple (1/1) D:7           Sewer (visited)
 Bailey (visited)
   Lair: D:8-11

Altars:
Cheibriados
Dithmenos
Fedhas
Gozag
Hepliaklqana
Makhleb
Nemelex Xobeh
Okawaru
Qazlal
Sif Muna
Trog
Uskayaw
Vehumet
Wu Jian
Xom
Yredelemnul
Zin

Shops:
D:4 (

Annotations:
D:3 2 transporters, hitsuchi's ghost, amateur TeSu
D:7 Prince Ribbit


Innate Abilities, Weirdness & Mutations

You are immune to sickness and miasma.
Your stone body is resilient. (AC +6)
You are immune to poison.
You resist negative energy. (rN+)
You are resistant to electric shocks. (rElec)
You are resistant to unholy torment.
You are immune to petrification.


Message History

Found a twisted jewelled staff.
There is a stone staircase leading down here.
You see here a staff of cold.
A two-headed ogre comes into view.
It is wielding a +0 dire flail and a +0 giant spiked club.
Found 16 gold pieces.
The two-headed ogre shouts in stereo!
Casting: Sandblast (safe; 3% risk of failure)
Confirm with . or Enter, or press ? or * to list all spells.
The spell is extremely dangerous to cast (67% risk of failure)!
Continue anyway?
Okay, then.
Aiming: Paralyse
Press: ? - help, Shift-Dir - straight line, f - two-headed ogre
Aim: a two-headed ogre, wielding a +0 dire flail and a +0 giant spiked club (chance to affect: 29%)
The two-headed ogre easily resists.
Aiming: Paralyse
Press: ? - help, Shift-Dir - straight line, f/p - two-headed ogre
Aim: a two-headed ogre, wielding a +0 dire flail and a +0 giant spiked club (chance to affect: 29%)
The two-headed ogre easily resists.
The two-headed ogre hits you with a +0 dire flail!!
The two-headed ogre barely misses you.
You hit the two-headed ogre but do no damage.
The two-headed ogre completely misses you.
The two-headed ogre hits you with a +0 giant spiked club.
You slash the two-headed ogre!
The two-headed ogre is moderately wounded.
You hit the two-headed ogre.
The two-headed ogre is moderately wounded.
The two-headed ogre completely misses you.
The two-headed ogre hits you with a +0 giant spiked club!
You hit the two-headed ogre.
The two-headed ogre is heavily wounded.
The two-headed ogre hits you with a +0 dire flail.
The two-headed ogre closely misses you.
Okay, then.
Your shield prevents you from hitting the two-headed ogre.
The two-headed ogre is heavily wounded.
The two-headed ogre hits you with a +0 dire flail!
* * * LOW HITPOINT WARNING * * *
The two-headed ogre hits you with a +0 giant spiked club!
You die...

#. #. .# #.## .# ..#
.# . #.# .# ... #.##.#
.....##..#.#
......O@...#
....$###...# ... ##..#
. #..# #..# #|.#
.#####..#
#.......>#############
......................


You could see a two-headed ogre.

Vanquished Creatures
  A hornet (D:8)
  A steam dragon (D:6)
  Menkaure (D:5)
  The ghost of KamiKatze the Shield-Bearer, an amateur GrFi (D:4)
  A water moccasin (D:7)
  3 gnoll sergeants (Bailey)
  An ice beast (D:5)
  2 ogres
  A necrophage (D:6)
  2 kobold brigands
  A scorpion (D:7)
  A wyvern skeleton (D:6)
  5 wights
  5 killer bees (D:7)
  A howler monkey (D:4)
  5 hounds
  3 bullfrog zombies
  A jelly (D:5)
  3 orc priests
  A bullfrog skeleton (D:6)
  3 gnoll shamans (Bailey)
  A centaur skeleton (D:7)
  3 orc wizards
  A howler monkey zombie (D:6)
  6 gnolls (Bailey)
  7 adders
  2 river rats (Sewer)
  3 ufetubi
  An adder skeleton (D:4)
  4 worms
  4 dart slugs
  17 orcs
  5 ball pythons
  9 endoplasms
  3 giant cockroaches
  8 goblins
  9 hobgoblins
  7 jackals
  14 kobolds
  A quokka (D:1)
  3 bats (D:1)
  2 frilled lizards (D:3)
  8 rats
161 creatures vanquished.

Vanquished Creatures (collateral kills)
  5 gnoll sergeants (Bailey)
  3 gnoll shamans (Bailey)
  7 gnolls (Bailey)
15 creatures vanquished.

Vanquished Creatures (others)
  A gnoll (Bailey)
1 creature vanquished.

Grand Total: 177 creatures vanquished

Notes
Turn   | Place    | Note
-------+----------+-------------------------------------------
     0 | D:1      | Cykl0x the Gargoyle Gladiator began the quest for the Orb.
     0 | D:1      | Reached XP level 1. HP: 12/12 MP: 1/1
   117 | D:1      | Reached XP level 2. HP: 16/17 MP: 2/2
   301 | D:1      | Reached skill level 3 in Long Blades
   392 | D:1      | Learned a level 1 spell: Sandblast
   447 | D:1      | Reached skill level 1 in Armour
   904 | D:2      | Reached XP level 3. HP: 19/22 MP: 0/3
  1100 | D:2      | Found a hide-covered altar of Uskayaw.
  1699 | D:2      | Reached skill level 1 in Earth Magic
  1699 | D:2      | Reached XP level 4. HP: 23/27 MP: 1/5
  1916 | D:3      | Reached skill level 1 in Spellcasting
  2067 | D:3      | Found a hide-covered altar of Uskayaw.
  2198 | D:3      | Found a faded altar of an unknown god.
  2249 | D:3      | Found a transporter.
  2251 | D:3      | Found a transporter.
  2252 | D:3      | Noticed hitsuchi's ghost (amateur TeSu)
  2719 | D:4      | Reached XP level 5. HP: 24/31 MP: 3/7
  2784 | D:4      | Found Qofuumop's Weapon Boutique.
  2843 | D:4      | Reached skill level 1 in Conjurations
  2851 | D:4      | Found a runed translucent gate.
  2852 | D:4      | Found a runed translucent gate.
  2852 | D:4      | Found a runed translucent gate.
  2852 | D:4      | Found an opulent altar of Gozag.
  2852 | D:4      | Noticed KamiKatze's ghost (amateur GrFi)
  3600 | D:4      | Reached XP level 6. HP: 32/37 MP: 8/8
  3608 | D:4      | Killed KamiKatze's ghost
  3829 | D:5      | Entered Level 5 of the Dungeon
  3921 | D:5      | Noticed an ice beast
  3931 | D:5      | Killed an ice beast
  3932 | D:5      | Reached skill level 4 in Long Blades
  3932 | D:5      | Reached XP level 7. HP: 17/41 MP: 10/10
  4037 | D:5      | Found a glowing drain.
  4051 | Sewer    | Entered a sewer
  4172 | Sewer    | Found a white marble altar of Elyvilon.
  4185 | Sewer    | Became a worshipper of Elyvilon the Healer
  4366 | D:5      | Learned a level 5 spell: Lee's Rapid Deconstruction
  4536 | D:5      | Reached XP level 8. HP: 46/46 MP: 12/12
  4679 | D:5      | Noticed Menkaure
  4688 | D:5      | Killed Menkaure
  4689 | D:5      | Reached skill level 1 in Invocations
  4930 | D:6      | Reached skill level 1 in Shields
  5049 | D:5      | Reached skill level 5 in Long Blades
  5112 | D:6      | Reached * piety under Elyvilon
  5507 | D:7      | Reached XP level 9. HP: 52/52 MP: 14/14
  5509 | D:7      | Reached ** piety under Elyvilon
  5524 | D:7      | Found a staircase to the Ecumenical Temple.
  5531 | Temple   | Entered the Ecumenical Temple
  5604 | Temple   | Fell from the grace of Elyvilon
  5604 | Temple   | Became a worshipper of Zin the Law-Giver
  5604 | Temple   | Reached * piety under Zin
  5604 | Temple   | Reached ** piety under Zin
  5665 | D:7      | Found a flagged portal.
  5700 | Bailey   | Entered a bailey
  5817 | Bailey   | Reached skill level 6 in Long Blades
  5906 | Bailey   | Reached skill level 5 in Earth Magic
  5921 | Bailey   | Reached *** piety under Zin
  5921 | Bailey   | Reached **** piety under Zin
  5921 | Bailey   | Reached ***** piety under Zin
  5925 | Bailey   | Reached ****** piety under Zin
  6303 | D:7      | Noticed Prince Ribbit
  7036 | D:8      | Noticed a hornet
  7048 | D:8      | Killed a hornet
  7049 | D:8      | Reached skill level 5 in Fighting
  7080 | D:8      | Identified the +9 dagger of Fortitude {vorpal, +Rage
                  | Stlth+}
  7226 | D:8      | Noticed a two-headed ogre
  7234 | D:8      | Slain by a two-headed ogre

Illustrated notes

Levels and vault maps discovered:
D:1:      minmay_arrival_nine_rooms, layout_loops_cross, minmay_bisected
D:2:      layout_basic, basic_altar, serial_curves, eino_curves_02,
          eino_curves_01, eino_curves_01
D:3:      layout_basic, mainiacjoe_overflow_alcove_1,
          dreamdust_ecumenical_altar_grove, gammafunk_ghost_mausoleum
D:4:      layout_loops_ring, ebering_ghost_gozag, serial_shops,
          nicolae_shop_window_shopping
D:5:      layout_loops_ring, cheibrodos_sewer_entry_bend, uniq_menkaure
D:6:      wander_river, layout_cave_pools
D:7:      layout_gridville, minmay_temple_entry_slanted, enter_bailey_2,
          uniq_prince_ribbit1
D:8:      layout_basic, hangedman_decor_opposing, uniq_maurice
Temple:   compressed_dpeg_circular_temple

Skill      XL: |  1  2  3  4  5  6  7  8  9 |
---------------+----------------------------+-----
Long Blades    | 3 4 5 6 |  6.6
Armour         | 1 2 3 |  3.9
Earth Magic    | 1 2 3 4 5 |  5.1
Spellcasting   | 1 2 3 4 |  4.1
Conjurations   | 1 2 |  2.8
Fighting       | 3 4 5 |  5.0
Dodging        | 3 4 |  4.7
Invocations    | 3 4 |  4.8
Shields        | 1 3 |  3.0
Throwing       | |  1.8
Evocations     | |  0.4

Action                   |  1- 3 |  4- 6 |  7- 9 || total
-------------------------+-------+-------+-------++-------
Melee: Long sword        |    74 |   109 |   431 ||   614
Throw: Javelin           |     6 |       |       ||     6
 Cast: Sandblast         |    18 |    31 |    71 ||   120
Evoke: Wand              |       |       |    13 ||    13
  Use: Scroll            |     2 |     6 |     2 ||    10
       Potion            |       |     1 |     1 ||     2
 Stab: Paralysed         |       |       |     4 ||     4
Armor: Leather armour    |    34 |     6 |       ||    40
       Ring mail         |       |    27 |    69 ||    96
       Steam dragon scal |       |       |    93 ||    93
Dodge: Dodged            |    57 |    84 |   541 ||   682
Block: Buckler           |       |     4 |    99 ||   103
       Rpst.: Long sword |    17 |    31 |   151 ||   199
